[Event "Schackstudions IM-turnering"]
[Site "Lund"]
[Date "2009.03.10"]
[Round "4"]
[White "Smith, Axel"]
[Black "De Verdier, Michael"]
[Result "1-0"]
[ECO "D58"]
[WhiteElo "2391"]
[BlackElo "2174"]
[PlyCount "62"]
[EventDate "2009.??.??"]
[EventRounds "11"]
[EventCountry "SWE"]
[EventCategory "1"]
[SourceDate "2009.02.10"]
[TimeControl "5400"]

1. d4 d5 2. c4 e6 3. Nc3 Be7 4. Nf3 Nf6 5. Bg5 h6 6. Bh4 O-O 7. e3 b6 8. Rc1
Bb7 9. Bxf6 Bxf6 10. cxd5 exd5 11. Bd3 a6 12. Bb1 Qd7 13. Qd3 g6 14. Ne5 Bxe5
15. dxe5 Qe6 16. f4 Nd7 17. O-O Rae8 18. Rfd1 Rd8 19. a3 c5 20. b4 Rfe8 21. Qd2
Bc6 22. Ba2 c4 23. Ne2 Ba4 24. Rf1 Nf8 25. Bb1 Qe7 26. Rf3 Bd7 27. Rg3 Kh7 28.
Rf1 Bb5 29. Rff3 Rd7 30. Qc2 f5 31. Nd4 Rc7 1-0